 Dungeon Crawl Stone Soup version 0.17-a0-1718-g72dbe4d (webtiles) character file.

81 kae the Slasher (level 4, 0/39 HPs)
             Began as a Minotaur Fighter on Aug 24, 2015.
             Slain by a white imp (5 damage)
             ... summoned by Natasha
             ... on level 2 of the Dungeon.
             The game lasted 00:00:52 (1429 turns).

kae the Slasher (Minotaur Fighter)                  Turns: 1429, Time: 00:00:53

Health: 0/39       AC:  8    Str: 21    XL:     4   Next: 19%
Magic:  3/3        EV:  4    Int:  6    God:
Gold:   98         SH:  9    Dex:  9    Spells: 0 memorised, 3 levels left

rFire  . . .     SeeInvis .     a - +0 long sword
rCold  . . .     Clarity  .     b - +0 scale mail
rNeg   . . .     SustAt   .     c - +0 shield
rPois  .         Gourm    .     (helmet restricted)
rElec  .         Spirit   .     (no cloak)
rCorr  .         Warding  .     (no gloves)
rMut   .         Stasis   .     l - +0 pair of boots
MR     .....                    (no amulet)
Stlth  ..........               (no ring)
                                (no ring)

@: constricted, not resistant to hostile enchantments, extremely unstealthy
A: retaliatory headbutt, horns 2
a: no special abilities


You were on level 2 of the Dungeon.
You were near starving.

You visited 1 branch of the dungeon, and saw 2 of its levels.

You collected 98 gold pieces.

Inventory:

Hand weapons
 a - a +0 long sword (weapon)
Armour
 b - a +0 scale mail (worn)
 c - a +0 shield (worn)
 l - a +0 pair of boots (worn)
Scrolls
 i - 2 scrolls of identify {unknown}
 j - 3 scrolls of remove curse {unknown}
 m - a scroll of teleportation {unknown}
 o - a scroll of immolation {unknown}
Potions
 d - 2 potions of might
 f - 2 potions of flight {unknown}
 g - a potion of degeneration {unknown}
 n - a potion of mutation {unknown}
 p - a potion of agility {unknown}
Comestibles
 e - 2 bread rations
 h - a meat ration
 k - 4 fruits


   Skills:
 - Level 3.6 Fighting
 + Level 5.4 Long Blades
 - Level 3.6 Armour
 - Level 3.6 Shields


You had 3 spell levels left.
You didn't know any spells.

Dungeon Overview and Level Annotations

Branches:
Dungeon (2/15)

Altars:
Okawaru

Annotations:
D:2 Natasha


Innate Abilities, Weirdness & Mutations

You reflexively headbutt those who attack you in melee.
You have a pair of horns on your head.


Message History

* * * LOW HITPOINT WARNING * * *
Unknown command.
You closely miss Natasha.
Natasha is almost dead.
The goblin hits you but does no damage. You block the ball python's attack.
The ball python constricts you.
Natasha wildly gestures.
You feel troubled. You block Natasha's attack.
The white imp hits you but does no damage.
The ball python bites you but does no damage.
The ball python constricts you. The goblin hits you but does no damage.
You closely miss Natasha.
Natasha is almost dead.
Natasha claws you.
* * * LOW HITPOINT WARNING * * *
The white imp hits you.
* * * LOW HITPOINT WARNING * * *
The white imp freezes you.
You die...

.# .......####...... ##
..[.(..+..'......
.......####(.(.)#
......#.....#####
#.....########
+...<.'..[....
###########.....########
......h.................
......5@............####
......Sg...######.......
...........# #.#.####
...........# #.#.....
...........# #.######
...........# #.#.....
############ #.#.#...
#.#...#. #.#.#.#.


You could see Natasha, a white imp, a goblin and a ball python.

Vanquished Creatures
  Terence (D:2)
  2 adders (D:2)
  An ooze (D:2)
  2 giant geckos (D:2)
  8 bats
  2 giant cockroaches
  4 hobgoblins
  6 goblins
  2 kobolds (D:2)
  6 rats
34 creatures vanquished.

Notes
Turn   | Place    | Note
--------------------------------------------------------------
     0 | D:1      | kae the Minotaur Fighter began the quest for the Orb.
     0 | D:1      | Reached XP level 1. HP: 19/19 MP: 0/0
   435 | D:1      | Reached XP level 2. HP: 26/26 MP: 1/1
   866 | D:2      | Found an iron altar of Okawaru.
   869 | D:2      | Reached skill level 4 in Long Blades
   870 | D:2      | Noticed Terence
   880 | D:2      | Killed Terence
   880 | D:2      | Reached XP level 3. HP: 22/31 MP: 2/2
  1067 | D:2      | Reached skill level 5 in Long Blades
  1131 | D:2      | Reached XP level 4. HP: 39/39 MP: 3/3
  1418 | D:2      | Noticed Natasha
  1429 | D:2      | Slain by a white imp

Vault maps used:
D:1:      arrival_zaba_pyramid
D:2:      okawaru_ov_weapons_minmay, uniq_natasha, uniq_terence

Action                   |  1- 3 |  4- 6 || total
-------------------------+-------+-------++-------
Melee: Long sword        |    61 |    21 ||    82
